zaphack, chaotic female elven Wizard -------- ---.|....| |.....`..|---------- |.-.`.-``|.|.......| |...-....`.|.......| |.-....|...|.......| |....-.--.-|...<...| |..........|.......| |.--...|...|.......| |....-.|---|.......| ---....-----------G| |...>....k......@| ------------------ zaphack the Conjurer Experience level: 5 Strength: 15 Dexterity: 10 Constitution: 16 Intelligence: 17 Wisdom: 12 Charisma: 9 Health: 0(40) Energy: 58(58) Def: 1 Gold: 772 Moves: 3631 Dungeon seed: ozdlpCS1L39GHesV Game ID: zaphack_1478894092 Your Inventory: Coins $ - 772 gold pieces Weapons a - a blessed +1 quarterstaff (weapon in hands) q - an uncursed +0 orcish dagger Armor e - an uncursed +0 cloak of magic resistance (being worn) Comestibles B - 2 uncursed tripe rations H - an uncursed clove of garlic Q - 2 uncursed tins of acid blob Scrolls i - an uncursed scroll of teleportation j - an uncursed scroll of scare monster k - an uncursed scroll of identify z - a cursed scroll of teleportation F - 2 uncursed scrolls of earth L - a blessed scroll of teleportation Spellbooks l - a blessed spellbook of force bolt m - an uncursed spellbook of wizard lock p - an uncursed spellbook of confuse monster Potions f - an uncursed potion of gain level g - an uncursed potion of object detection h - 2 uncursed potions of water t - an uncursed potion of see invisible v - an uncursed potion of enlightenment M - an uncursed potion of invisibility Rings c - an uncursed +1 ring of adornment d - an uncursed ring of see invisible G - an uncursed ring of aggravate monster I - an uncursed ring of shock resistance Wands b - an uncursed wand of digging (0:8) s - an uncursed wand of light (0:11) D - an uncursed wand of striking (0:6) K - an uncursed wand of sleep (0:4) P - an uncursed wand of make invisible (0:3) Tools n - an uncursed blindfold o - an uncursed wooden harp Gems y - 2 uncursed worthless pieces of red glass Spells and supernatural/magical abilities: Name Level Category Fail Memory a - force bolt 1 attack 0% 82% w - wizard lock 2 matter 61% 82% W - pray for help -- divine ? -- Your skills at the end: Fighting Skills Weapon Skills quarterstaff [Basic] Spellcasting Skills attack spells [Basic] enchantment spells [Basic] Final Attributes: You were piously aligned. You were sleep resistant. You were magic-protected. You had infravision. You were lucky. You are dead. Vanquished creatures: a leprechaun a rock piercer a rock mole a black naga hatchling a golden naga hatchling 3 giant ants a floating eye 2 kittens 3 hill orcs 2 rothes a centipede 3 giant bats an iguana a hobbit a hobgoblin 4 giant rats a brown mold 2 yellow molds 2 gnomes 6 garter snakes a gnome zombie 2 geckos 3 jackals 2 foxes 2 kobolds a goblin a sewer rat 2 bats 4 lichens 3 newts 59 creatures vanquished. Voluntary challenges: You used a wielded weapon 80 times, starting on turn 19. You read items or engraved 33 times, starting on turn 8. You never genocided any monsters. You never polymorphed an object. You never changed form. You used no wishes. You never split a pudding. You wrote Elbereth's name 30 times, starting on turn 1228. You never violated your personal moral code. Dungeon overview: The Dungeons of Doom: levels 1 to 6 Level 1 a long staircase Level 2 some fountains Level 3 a general store, an altar to Anhur, a fountain Level 4 a fountain stairs to The Gnomish Mines Level 5 some fountains Level 6 stairs to Sokoban The Gnomish Mines: Level 5 stairs to The Dungeons of Doom Sokoban: levels 3 to 5 Level 3 <- You were here Level 4 Level 5 stairs to The Dungeons of Doom History has recorded: On T:1 you entered the Dungeons of Doom to retrieve the Amulet of Yendor! On T:174 you reached level 2 of The Dungeons of Doom. On T:492 you advanced to experience level 2. On T:525 you reached level 3 of The Dungeons of Doom. On T:795 you reached level 4 of The Dungeons of Doom. On T:925 you reached level 1 of The Gnomish Mines. On T:1049 you reached level 5 of The Dungeons of Doom. On T:1069 you advanced to experience level 3. On T:1223 you reached level 6 of The Dungeons of Doom. On T:1449 you advanced to experience level 4. On T:1548 you reached level 4 of Sokoban. On T:2093 you reached level 3 of Sokoban. On T:2865 you advanced to experience level 5. On T:2905 you reached level 2 of Sokoban. Score breakdown: Gold: 772 ( 9824 points) Experience: 5 levels (11141 points) Exploration: 6 levels ( 12.00%) ( 9583 points) Discoveries: 3 items ( 1.09%) ( 3127 points) Valuables value: (no points given unless you survive) Artifact value: 0 ( 0 points) Variety of kills: 30 monsters ( 7.87%) ( 8418 points) Turncount: 3631 turns ( -881 points) Survival: died (score multiplied by 80%) Total score: 32969 Latest messages: You miss the rock mole. (3x) The rock mole bites! You hit the rock mole! You miss the rock mole. You kill the rock mole! There is a broken door here. You see here a rock mole corpse. The gnome lord hits! You miss the gecko. The gnome lord hits! You kill the gecko! You hit the gnome lord. The gnome lord hits! You hit the gnome lord! You miss the gnome lord. The gnome lord hits! You hit the gnome lord. The gnome lord hits! You hit the gnome lord! You write in the dust with your fingers. The gnome lord hits! You die... Final status: Goodbye zaphack the Wizard, killed by a gnome lord... You died in Sokoban on dungeon level 3 with 32969 points, and 772 pieces of gold, after 3631 moves. You were level 5 with a maximum of 40 hit points when you died.